 Dungeon Crawl Stone Soup version 0.13.1-27-ga479965 (webtiles) character file.

22094 hastedhated the Ripper (level 12, -10/57 HPs)
             Began as a Felid Berserker on Jan 24, 2014.
             Was the Champion of Trog.
             Killed from afar by smajdalf's ghost (35 damage)
             ... with a blast of negative energy
             ... on Level 14 of the Dungeon.
             The game lasted 01:55:19 (7142 turns).

hastedhated the Ripper (Felid Berserker)            Turns: 7142, Time: 01:55:19

HP -10/57        AC  3     Str 13      XL: 12   Next: 53%
MP  18/18        EV 31     Int 10      God: Trog [******]
Gold 766         SH  0     Dex 19      Spells:  0 memorised, 11 levels left
Lives: 0, deaths: 2

Res.Fire  : + . .   See Invis. : +     - Unarmed
Res.Cold  : . . .   Warding    : .   (armour unavailable)
Life Prot.: . . .   Conserve   : .   (shield unavailable)
Res.Poison: .       Res.Corr.  : .   (helmet unavailable)
Res.Elec. : .       Clarity    : .   (cloak unavailable)
Sust.Abil.: . .     Spirit.Shd : .   (gloves unavailable)
Res.Mut.  : .       Stasis     : .   (boots unavailable)
Res.Rott. : .       Flight     : .   (no amulet)
Saprovore : . . .                    b - ring of fire
                                     (no ring)

@: drained, quick, quite resistant to hostile enchantments, fairly stealthy
A: paw claws, no armour, no advanced items, fangs 3, see invisible, carnivore 3,
speed 1, slow metabolism 1, AC +3
a: Burn Spellbooks, Berserk, Trog's Hand, Brothers in Arms, Renounce Religion


You were on level 14 of the Dungeon.
You worshipped Trog.
Trog was exalted by your worship.
You were not hungry.

You visited 2 branches of the dungeon, and saw 22 of its levels.

You collected 746 gold pieces.

Inventory:

Comestibles
 c - 5 honeycombs
 z - a royal jelly
Scrolls
 a - a scroll of teleportation
 d - 2 scrolls of noise {unknown}
 g - 3 scrolls of identify
 j - 2 scrolls of curse jewellery {unknown}
 n - 2 scrolls of remove curse
 p - 3 scrolls of fog {unknown}
 s - a scroll of torment {unknown}
 t - a scroll of enchant weapon III {unknown}
 u - a scroll of magic mapping {unknown}
 w - 2 scrolls of random uselessness {unknown}
 x - a scroll of blinking {unknown}
 C - 2 scrolls of amnesia {unknown}
Jewellery
 b - a ring of fire (right paw)
 h - a cursed ring of hunger {unknown}
 o - an uncursed ring of fire
 r - an uncursed ring of poison resistance {unknown}
 B - the ring of Jealousy {rElec AC+3}
   (You found it on level 5 of the Lair of Beasts)

   [ring of protection]

   It affects your AC (+3).
   It insulates you from electricity.
 D - the amulet "Stredaas" {Ward Dex-4 Int+4}
   (You found it on level 8 of the Lair of Beasts)

   [amulet of warding]

   It affects your intelligence (+4).
   It affects your dexterity (-4).
Potions
 e - 3 potions of heal wounds
 f - a potion of might
 i - a potion of brilliance
 k - a potion of speed {unknown}
 l - a potion of curing
Books
 m - a book of Fire

   Spells                             Type                      Level
   Fire Brand                         Charms/Fire                  2
   Ignite Poison                      Fire/Transmutation           5
   Fireball                           Conjuration/Fire             5
   Bolt of Fire                       Conjuration/Fire             6
   Delayed Fireball                   Conjuration/Fire             7
   Ring of Flames                     Charms/Fire                  7
   Trog disapproves of the use of such an item.
 q - a book of Minor Magic

   Spells                             Type                      Level
   Magic Dart                         Conjuration                  1
   Blink                              Translocation                2
   Call Imp                           Summoning                    2
   Repel Missiles                     Charms/Air                   2
   Slow                               Hexes                        2
   Conjure Flame                      Conjuration/Fire             3
   Mephitic Cloud                     Conjuration/Poison/Air       3
   Trog disapproves of the use of such an item.
 v - a book of Conjurations

   Spells                             Type                      Level
   Magic Dart                         Conjuration                  1
   Searing Ray                        Conjuration                  2
   Dazzling Spray                     Conjuration/Hexes            3
   Iskenderun's Mystic Blast          Conjuration                  4
   Iskenderun's Battlesphere          Conjuration/Charms           4
   Fulminant Prism                    Conjuration/Hexes            5
   Trog disapproves of the use of such an item.
 y - a book of Callings

   Spells                             Type                      Level
   Summon Small Mammal                Summoning                    1
   Call Imp                           Summoning                    2
   Call Canine Familiar               Summoning                    3
   Summon Scorpions                   Summoning/Poison             4
   Summon Ice Beast                   Ice/Summoning                4
   Trog disapproves of the use of such an item.


   Skills:
 + Level 11.9(11.0) Fighting
 + Level 15.0(14.1) Dodging
 * Level 16.6(15.6) Unarmed Combat


You had 11 spell levels left.
You didn't know any spells.

Dungeon Overview and Level Annotations

Branches:
Dungeon (14/27)              Lair (8/8) D:9           Swamp (0/5) Lair:6
 Temple: D:4-7          Orc: D:6-11      Shoals: Lair:3-6     Snake: Lair:3-6
 Spider: Lair:3-6     Slime: Lair:6-8

Altars:
Vehumet

Shops:
D:14 /

Portals:
Ziggurat: D:14 (3930 gp)

Annotations:
D:14 smajdalf's ghost, powerful DrCj


Innate Abilities, Weirdness & Mutations

You cannot wear armour.
You are incapable of any advanced item manipulation.
Your paws have sharp claws.
You have razor-sharp teeth.
You have supernaturally acute eyesight.
You are carnivorous and can eat meat at any time.
You cover ground quickly.
Your thick and shaggy fur keeps you warm (AC +3, rC+).
You have a slow metabolism.


Message History

Smajdalf's ghost (powerful Yellow Draconian Conjurer) comes into view.
Press: ? - help, v - describe, . - travel
Here: smajdalf's ghost (hasn't noticed you)
The floor.
Smajdalf's ghost turns its malevolent gaze towards you.
Smajdalf's ghost gestures at you while chanting.
The fireball explodes!
The fireball engulfs you! You resist.
One of your 4 scrolls labeled URPHOI GOUXE catches fire!
Unknown command.
Unknown command.
Unknown command.
Wearing an uncursed ring of fire.
You're wearing two rings.
Remove which one? (B/b//Esc) < or
B - the ring of Jealousy {tried, rElec AC+3} > or
b - a ring of fire You remove the ring of Jealousy {tried, rElec AC+3}.
Smajdalf's ghost breathes negative energy at you.
The blast of negative energy hits you!
You feel drained.
Ouch! That really hurt!
You die...

.... ........ #..#
#....p... #..#
#..>.....# #..#
#........#
####..#######........#
.....................#
................./...#
####..####...........#
#..####......@....#
#.5.⌠##........)..#
####..∩.##.5......<..#
.....⌠.⌠........(....#
.....................#
....####..####..######
.... #..# #..# ....
#..# #..# .... #..# .


You could see a crimson imp and smajdalf's ghost.

Vanquished Creatures
  Maud (Lair:4)
  Harold (Lair:1)
  4 death yaks (Lair:8)
  The ghost of letownia the Basher, an experienced GrBe of Trog (Lair:3)
  An unseen horror (D:11)
  A wizard (Lair:8)
  2 hill giants
  Pikel (D:9)
  17 elephants
  9 spiny frogs
  An item mimic (Lair:3)
  Psyche (D:8)
  3 fire drakes (Lair:8)
  4 komodo dragons
  7 blink frogs
  2 trolls
  A two-headed ogre (D:12)
  3 slime creatures (D:12)
  A queen bee (Lair:4)
  4 basilisks
  9 ugly things (D:13)
  42 yaks
  2 elephant slugs
  A deep elf fighter (D:9)
  A shark (Lair:3)
  A hungry ghost (D:11)
  A hill giant skeleton (D:14)
  A soldier ant (D:14)
  3 hippogriffs
  A manticore (D:9)
  13 wolves
  3 slaves (D:9)
  A deep dwarf (D:14)
  2 orc warriors
  10 porcupines
  4 sky beasts
  A giant goldfish (Lair:3)
  An ice beast (D:11)
  A boring beetle (shapeshifter) (D:13)
  A boring beetle (Lair:8)
  An ogre (D:4)
  11 crocodiles
  11 giant frogs
  A big kobold (D:11)
  7 giant slugs
  Blork the orc (D:8)
  4 agate snails
  8 water moccasins
  11 killer bees (Lair:4)
  A wight (D:14)
  A troll skeleton (D:10)
  A jellyfish (Lair:3)
  4 crimson imps
  A lava snake (Lair:8)
  A goliath beetle (D:10)
  4 iguanas
  A jelly (D:7)
  6 hounds
  2 worker ants
  A giant frog skeleton (D:11)
  6 orc wizards
  A scorpion (D:6)
  4 sheep (D:12)
  A sky beast zombie (D:10)
  A mottled dragon skeleton (D:13)
  A hound zombie (D:7)
  A hound skeleton (D:7)
  12 adders
  3 gnolls (D:7)
  41 green rats
  2 giant centipedes
  2 giant mites
  A worm (D:7)
  2 giant eyeballs
  2 giant geckos
  18 orcs
  6 ball pythons (D:4)
  3 giant cockroaches
  4 hobgoblins
  12 jackals
  11 kobolds
  5 quokkas
  12 bats
  3 giant newts
  2 goblins
  An orc skeleton (D:9)
  21 rats
  2 ballistomycetes (D:9)
  A fungus (Lair:7)
  2 plants (Lair:7)
425 creatures vanquished.

Vanquished Creatures (collateral kills)
  A black bear (Lair:4)
1 creature vanquished.

Vanquished Creatures (others)
  A two-headed ogre (Lair:4)
  A slave (D:9)
  An orc priest (D:4)
  A giant spore (D:9)
  7 fungi
  6 plants
17 creatures vanquished.

Grand Total: 443 creatures vanquished

Notes
Turn   | Place    | Note
--------------------------------------------------------------
     0 | D:1      | hastedhated, the Felid Berserker, began the quest for the Orb.
     0 | D:1      | Reached XP level 1. HP: 10/10 MP: 1/1
   155 | D:2      | Reached XP level 2. HP: 12/14 MP: 2/2
   214 | D:4      | Noticed a sky beast
   227 | D:4      | HP: 1/21 [sky beast (5)]
   229 | D:4      | Killed a sky beast
   229 | D:4      | Reached skill level 5 in Dodging
   229 | D:4      | Reached XP level 3. HP: 1/18 MP: 4/4
   229 | D:4      | Reached XP level 4. HP: 1/21 MP: 6/6
   274 | D:4      | Noticed an ogre
   290 | D:4      | Killed an ogre
   290 | D:4      | Reached skill level 5 in Unarmed Combat
   290 | D:4      | Reached XP level 5. HP: 8/25 MP: 7/7
   370 | D:4      | Acquired Trog's second power
   609 | D:4      | Gained mutation: You are covered in thick fur (AC +2). [growing up]
   609 | D:4      | Reached XP level 6. HP: 24/28 MP: 9/9
   646 | D:4      | Reached skill level 6 in Unarmed Combat
   687 | D:5      | Entered Level 5 of the Dungeon
  1034 | D:8      | Noticed Psyche
  1035 | D:8      | Paralysed by Psyche for 6 turns
  1059 | D:8      | Killed Psyche
  1059 | D:8      | Reached skill level 7 in Unarmed Combat
  1059 | D:8      | Reached XP level 7. HP: 12/33 MP: 11/11
  1191 | D:8      | Noticed Blork the orc
  1209 | D:8      | Killed Blork the orc
  1306 | D:9      | Reached skill level 5 in Fighting
  1306 | D:9      | Reached XP level 8. HP: 13/37 MP: 12/12
  1329 | D:10     | Entered Level 10 of the Dungeon
  1351 | D:10     | Reached skill level 8 in Unarmed Combat
  1552 | D:10     | Paralysed by a giant eyeball for 2 turns
  1709 | D:11     | Noticed a hill giant
  1733 | D:11     | Killed a hill giant
  1733 | D:11     | Reached skill level 9 in Unarmed Combat
  1738 | D:11     | Reached XP level 9. HP: 40/40 MP: 14/14
  1820 | D:11     | Reached skill level 10 in Unarmed Combat
  2095 | D:11     | Noticed an unseen horror
  2179 | D:9      | Acquired Trog's third power
  2185 | D:9      | Noticed a yak
  2203 | D:9      | Killed a yak
  2238 | D:9      | Found a staircase to the Lair.
  2238 | D:9      | Noticed a deep elf fighter
  2244 | D:9      | Killed a deep elf fighter
  2244 | D:9      | Reached skill level 11 in Unarmed Combat
  2248 | D:9      | Noticed a yak
  2262 | Lair:1   | Entered Level 1 of the Lair of Beasts
  2267 | D:9      | Noticed Pikel
  2279 | D:9      | Killed a yak
  2279 | D:9      | Reached XP level 10. HP: 46/46 MP: 16/16
  2419 | Lair:1   | Reached skill level 10 in Dodging
  2532 | Lair:2   | Reached skill level 12 in Unarmed Combat
  2767 | Lair:3   | Noticed letownia's ghost (experienced GrBe)
  2826 | Lair:3   | Killed letownia's ghost
  2826 | Lair:3   | Reached XP level 11. HP: 22/51 MP: 17/17
  3163 | Lair:4   | HP: 2/51 [spiny frog (19)]
  3167 | Lair:4   | Reached skill level 13 in Unarmed Combat
  3686 | Lair:5   | Got an ancient lapis lazuli ring
  4013 | Lair:6   | Found a radiant altar of Vehumet.
  4072 | Lair:6   | Reached skill level 14 in Unarmed Combat
  4083 | Lair:6   | Reached skill level 10 in Fighting
  4300 | Lair:7   | Gained mutation: Your thick and shaggy fur keeps you warm (AC +3, rC+). [growing up]
  4300 | Lair:7   | Reached XP level 12. HP: 56/56 MP: 18/18
  4363 | Lair:6   | Found a staircase to the Swamp.
  4786 | Lair:8   | Entered Level 8 of the Lair of Beasts
  4817 | Lair:8   | Killed from afar by a lava snake
  4818 | Lair:8   | Reached XP level 11. HP: -2/52 MP: 17/17
  4870 | Lair:8   | Reached skill level 15 in Unarmed Combat
  5154 | Lair:8   | Reached XP level 12. HP: 40/57 MP: 18/18
  5373 | Lair:8   | Slain by a spiny frog
  5374 | Lair:8   | Reached XP level 11. HP: -1/52 MP: 17/17
  5566 | Lair:8   | Got a fine golden amulet
  5567 | Lair:8   | Identified the cursed amulet "Stredaas" {Ward Dex-4 Int+4} (You found it on level 8 of the Lair of Beasts)
  5954 | Lair:4   | Noticed Maud
  5970 | Lair:4   | Killed Maud
  6094 | Lair:2   | Reached skill level 16 in Unarmed Combat
  6161 | Lair:1   | Noticed Harold
  6181 | Lair:1   | Killed Harold
  6252 | Lair:1   | Noticed a spiny frog
  6266 | Lair:1   | Killed a spiny frog
  6266 | Lair:1   | Reached XP level 12. HP: 50/57 MP: 18/18
  6408 | Lair:1   | Noticed a spiny frog
  6420 | Lair:1   | Killed a spiny frog
  6546 | D:9      | Killed Pikel
  6561 | D:9      | Noticed a yak
  6609 | D:11     | Killed an unseen horror
  6911 | D:13     | Reached skill level 15 in Dodging
  6991 | D:14     | Entered Level 14 of the Dungeon
  7089 | D:14     | Found a gateway to a ziggurat.
  7102 | D:14     | Found Bluan's Magical Wand Emporium.
  7139 | D:14     | Noticed smajdalf's ghost (powerful DrCj)
  7142 | D:14     | Killed from afar by smajdalf's ghost

Action                   |  1- 3 |  4- 6 |  7- 9 | 10-12 || total
-------------------------+-------+-------+-------+-------++-------
Melee: Unarmed           |    34 |   130 |   254 |  1216 ||  1634
Invok: Berserk           |     2 |     6 |     8 |    25 ||    41
       Trog's Hand       |       |     5 |     7 |    33 ||    45
       Burn Spellbooks   |       |       |       |     1 ||     1
       Brothers in Arms  |       |       |       |     1 ||     1
  Use: Potion            |       |     1 |     2 |     9 ||    12
       Scroll            |       |       |     5 |    10 ||    15
 Stab: Sleeping          |       |     3 |     1 |     8 ||    12
       Invisible         |       |     4 |     8 |    14 ||    26
       Fleeing           |       |       |       |     1 ||     1
